 Dungeon Crawl Stone Soup version 0.21.1-1-g345015f (webtiles) character file.

229 Larett the Covert (level 6, -1/39 HPs)
             Began as an Octopode Assassin on Mar 28, 2018.
             Slain by a gnoll (8 damage)
             ... on level 2 of the Dungeon.
             The game lasted 00:05:04 (2065 turns).

Larett the Covert (Octopode Assassin)               Turns: 2065, Time: 00:05:05

Health: -1/39      AC:  1    Str: 11    XL:     6   Next: 3%
Magic:  15/15      EV: 13    Int: 13    God:
Gold:   81         SH:  0    Dex: 15    Spells: 5/5 levels left

rFire    . . .     SeeInvis .   a - +2 dagger
rCold    . . .     Gourm    .   (no shield)
rNeg     . . .     Faith    .   (helmet restricted)
rPois    .         Spirit   .   (no amulet)
rElec    .         Reflect  .   s - ring of magical power
rCorr    .         Harm     .   (no ring)
MR       .....                  (no ring)
Stlth    +++++.....             (no ring)
HPRegen  0.13/turn              (no ring)
MPRegen  0.14/turn              (no ring)
                                (no ring)
                                (no ring)

@: no status effects
A: almost no armour, stealthy swim, amphibious, 8 rings, constrict 8, camouflage
1, gelatinous body 1
a: no special abilities


You were on level 2 of the Dungeon.
You were not hungry.

You visited 1 branch of the dungeon, and saw 3 of its levels.

You collected 81 gold pieces.

Inventory:

Hand Weapons
 a - a +2 dagger (weapon)
 q - a +0 blowgun
 E - a +2 whip of electrocution
 I - a +0 hunting sling
 N - a +4 club
Missiles
 c - 8 poisoned needles
 d - 2 curare-tipped needles
 t - 99 stones (quivered)
 y - 18 bolts
 F - 27 sling bullets
 G - 25 arrows
Jewellery
 s - a ring of magical power (left tentacle)
Wands
 O - a wand of random effects (22)
Scrolls
 r - a scroll of teleportation {unknown}
 x - a scroll of immolation {unknown}
 A - 5 scrolls of identify {unknown}
 B - 3 scrolls of remove curse {unknown}
 J - a scroll of fear {unknown}
 M - a scroll of noise {unknown}
Potions
 v - a potion of haste {unknown}
 w - 2 potions of brilliance {unknown}
 z - a potion of heal wounds {unknown}
 C - a potion of curing {unknown}
 D - a potion of agility {unknown}
 K - a potion of might {unknown}
 L - 2 potions of invisibility {unknown}
Comestibles
 f - 3 rations
 P - a chunk of flesh


   Skills:
 - Level 2.0 Fighting
 - Level 2.0 Short Blades
 - Level 2.0 Throwing
 - Level 1.0 Dodging
 + Level 9.8 Stealth


You had 5 spell levels left.
You didn't know any spells.

Dungeon Overview and Level Annotations

Branches:
Dungeon (3/15)

Altars:
Yredelemnul


Innate Abilities, Weirdness & Mutations

You cannot wear most types of armour.
You are very stealthy in the water. (Stealth+)
You are amphibious.
You can wear up to eight rings at the same time.
You can use your tentacles to constrict eight enemies at once.
Your skin changes colour to match your surroundings (Stealth+).
Your rubbery body absorbs attacks. (AC +1, EV +1)


Message History

There is a stone staircase leading down here.
You hit the gnoll. You grab the gnoll.
The gnoll is moderately wounded.
You constrict the gnoll. The gnoll barely misses you. x2
You hit the gnoll.
The gnoll is severely wounded.
You constrict the gnoll. The gnoll hits you.
You hit the gnoll.
The gnoll is almost dead.
You constrict the gnoll. The gnoll hits you with a spear!
* * * LOW HITPOINT WARNING * * *
The gnoll closely misses you.
You hit the gnoll but do no damage.
You kill the gnoll!
You have reached level 6!
Your experience leads to an increase in your attributes!
Increase (S)trength, (I)ntelligence, or (D)exterity?
You feel agile. The gnoll hits you!
You die...

.....# #..###.# #.# ##...
###### #..###.###.####....
#########..#...............
#.......#..#.#.##.####.....
##.#####.#).#.#.##.##
##....
#.....##........##..# ##...
#..##.##.##.#..####.# ##.#
###..##......)...# #.# ##.
##...........g@##.# #.# ##
#.......###.#####.# #.#
#..####.#.....###.# #.#
#..####.#.........####.#
#....##.#.....#####....#
#.##.##.#.....# #.####
#.......#.....# #.#
####.##############.#
#.#######........#


You could see a gnoll.

Vanquished Creatures
  A hound (D:2)
  Jessica (D:2)
  3 gnolls
  7 adders
  4 worms (D:2)
  3 dart slugs (D:1)
  2 leopard geckos
  A ball python (D:2)
  3 giant cockroaches
  3 hobgoblins
  4 jackals
  9 kobolds
  A quokka (D:2)
  6 bats
  2 frilled lizards
  9 goblins
  8 rats
67 creatures vanquished.

Notes
Turn   | Place    | Note
-------+----------+-------------------------------------------
     0 | D:1      | Larett the Octopode Assassin began the quest for the Orb.
     0 | D:1      | Reached XP level 1. HP: 14/14 MP: 1/1
   185 | D:1      | Reached XP level 2. HP: 16/19 MP: 2/2
   188 | D:1      | Reached skill level 6 in Stealth
   415 | D:1      | Reached XP level 3. HP: 24/24 MP: 3/3
   625 | D:1      | Reached skill level 7 in Stealth
   888 | D:2      | Reached XP level 4. HP: 29/29 MP: 4/4
  1057 | D:2      | Reached skill level 8 in Stealth
  1330 | D:2      | Reached XP level 5. HP: 32/34 MP: 5/5
  1366 | D:2      | Noticed Jessica
  1396 | D:2      | Killed Jessica
  1396 | D:2      | Reached skill level 9 in Stealth
  1624 | D:3      | Found a basalt altar of Yredelemnul.
  2065 | D:2      | Reached XP level 6. HP: 6/39 MP: 6/6
  2065 | D:2      | Slain by a gnoll

Skill      XL: |  1  2  3  4  5 |
---------------+----------------+-----
Stealth        | 6 7 8 9 |  9.8
Fighting       | |  2.0
Short Blades   | |  2.0
Throwing       | |  2.0
Dodging        | |  1.0

Action                   |  1- 3 |  4- 6 || total
-------------------------+-------+-------++-------
Melee: Dagger            |    53 |    84 ||   137
       Constrict         |    13 |    22 ||    35
       Tentacles         |     8 |    15 ||    23
 Stab: Sleeping          |     9 |     7 ||    16
  Eat: Chunk             |       |     4 ||     4
Armor: Skin              |     5 |     7 ||    12
Dodge: Dodged            |    27 |    65 ||    92
